 Dungeon Crawl Stone Soup version 0.29.1-15-g9cfb28693d (webtiles) character file.

Game seed: 9366306253118879735

2170 Heoruswealwe the Thaumaturge (level 9, -8/45 HPs)
             Began as a Deep Elf Earth Elementalist on Mar 24, 2023.
             Was an Initiate of Vehumet.
             Mangled by an orc warrior
             ... wielding a +0 war axe
              (18 damage)
             ... in a bailey.
             The game lasted 01:27:07 (5977 turns).

Heoruswealwe the Thaumaturge (DEEE)                 Turns: 5977, Time: 01:27:10

Health: -8/45      AC: 11    Str:  5    XL:     9   Next: 11%
Magic:  16/26      EV: 12    Int: 25    God:    Vehumet [......]
Gold:   510        SH:  0    Dex: 15    Spells: 17/31 levels left

rFire   . . .      SeeInvis .   a - +0 scimitar
rCold   + . .      Faith    .   (no shield)
rNeg    . . .      Spirit   .   c - +0 steam dragon scales
rPois   .          Reflect  .   g - +2 helmet
rElec   +          Harm     .   h - +0 cloak
rCorr   +          Rampage  .   f - +0 pair of gloves
Will    .....                   e - +0 pair of boots
Stlth   ++........              i - amulet of regeneration
HPRegen 0.95/turn               k - ring of resist corrosion
MPRegen 0.20/turn               j - ring of Ceac {Fly rElec rC+}

@: flying
A: no striking features
a: Renounce Religion


You were in a bailey.
You worshipped Vehumet.
Vehumet was noncommittal.
You visited 2 branches of the dungeon, and saw 8 of its levels.
You also visited: Sewer and Bailey.

You collected 510 gold pieces.

Inventory:

Hand Weapons
 a - a +0 scimitar (weapon)
 b - a +3 war axe
Armour
 c - +0 steam dragon scales (worn)
 e - a +0 pair of boots (worn)
 f - a +0 pair of gloves (worn)
 g - a +2 helmet (worn)
 h - a +0 cloak (worn)
Magical Staves
 s - a staff of air
Jewellery
 i - an amulet of regeneration (around neck)
 j - the ring of Ceac (right hand) {Fly rElec rC+}
   (You found it on level 5 of the Dungeon)

   [ring of protection from cold]

   rC:        It protects you from cold.
   rElec:     It insulates you from electricity.
   Fly:       It grants you flight.
 k - a ring of resist corrosion (left hand)
 t - an amulet of reflection
Wands
 D - a wand of polymorph (4)
Scrolls
 d - 3 scrolls of immolation {unknown}
 l - a scroll of amnesia
 o - 3 scrolls of teleportation {unknown}
 q - 2 scrolls of blinking {unknown}
 x - a scroll of enchant armour
 F - 2 scrolls of butterflies {unknown}
Potions
 m - 3 potions of brilliance {unknown}
 n - 2 potions of magic
 r - 3 potions of curing {unknown}
 u - a potion of mutation {unknown}
 v - 2 potions of haste {unknown}
 w - 3 potions of might {unknown}
 y - 3 potions of cancellation
 z - 3 potions of attraction {unknown}
 A - a potion of flight {unknown}
 B - 2 potions of resistance {unknown}
 C - 2 potions of heal wounds
 E - a potion of experience {unknown}


   Skills:
 - Level 2.4 Dodging
 - Level 2.4 Stealth
 * Level 11.5 Spellcasting
 + Level 6.6 Transmutations
 + Level 7.3 Earth Magic


You had 17 spell levels left.
You knew the following spells:

 Your Spells              Type           Power      Damage    Failure   Level
a - Sandblast             Erth           100%       2d20      1%          1
b - Stone Arrow           Conj/Erth      64%        3d11      2%          3
c - Petrify               Tmut/Erth      49%        N/A       2%          4
d - Leda's Liquefaction   Hex/Erth       16%        N/A       10%         4
z - Passwall              Tmut/Erth      40%        N/A       1%          2

Your spell library contained the following spells:

 Spells                   Type           Power      Damage    Failure   Level
 Sting                    Tmut/Pois      100%       1d8       1%          1
 Wereblood                Tmut           47%        N/A       1%          2
 Poisonous Vapours        Pois/Air       28%        N/A       6%          2
 Sublimation of Blood     Necr           14%        N/A       6%          2
 Call Canine Familiar     Summ           14%        N/A       13%         3
 Portal Projectile        Hex/Tloc       28%        N/A       13%         3
 Olgreb's Toxic Radiance  Pois           14%        N/A       38%         4
 Summon Hydra             Summ           7%         N/A       100%        7


Dungeon Overview and Level Annotations

Branches:
Dungeon (7/15)             Temple (1/1) D:5           Sewer (visited)
 Bailey (1/1)

Altars:
Ashenzari
Cheibriados
Dithmenos
Elyvilon
Fedhas
Gozag
Hepliaklqana
Kikubaaqudgha
Makhleb
Nemelex Xobeh
Okawaru
Qazlal
Sif Muna
Trog
Uskayaw
Vehumet
Wu Jian
Xom
Yredelemnul
Zin
The Shining One


Message History

Things that are here:
a +0 war axe; 4 curare-tipped darts
Things that are here:
a +0 broad axe; a +0 ring mail; an orc corpse The orc warrior shouts!
You can't see any susceptible monsters within range! (Use Z to cast anyway.)
The blast of sand hits the orc warrior!
The orc warrior is moderately wounded.
The blast of sand misses the orc warrior.
The blast of sand hits the orc warrior but does no damage.
The orc warrior is moderately wounded.
The orc warrior hits you but does no damage.
The blast of sand hits the orc warrior but does no damage.
The orc warrior is moderately wounded.
The orc warrior hits you with a +0 war axe.
The orc warrior hits you with a +0 war axe!
The blast of sand hits the orc warrior!
The orc warrior is severely wounded.
The orc warrior hits you with a +0 war axe.
The blast of sand hits the orc warrior but does no damage.
The orc warrior is severely wounded.
The orc warrior hits you but does no damage.
The orc warrior hits you with a +0 broad axe!
The orc warrior hits you with a +0 war axe.
* * * LOW HITPOINT WARNING * * *
You feel much better. The orc warrior closely misses you. x2
The kobold brigand attacks as you move away!
The kobold brigand hits you with a +0 war axe.
The blast of sand hits the kobold brigand!!
You kill the kobold brigand!
Vehumet accepts your kill.
The orc warrior hits you with a +0 broad axe!
The blast of sand hits the orc warrior.
The orc warrior is severely wounded.
The orc warrior hits you with a +0 broad axe!
The orc warrior misses you.
The orc warrior hits you with a +0 broad axe!
* * * LOW HITPOINT WARNING * * *
The orc warrior hits you with a +0 war axe!!
You die...

###'### ##..(..##
#...8...# #∩.....∩#
##..)..## ####'''####
##~.......~##
#####~~..oo...~~#####
#....~~..@)...~~....#
#.###~~.......~~###.#
#....~~.......~~....#
#.###~~...)...~~###.#
#....~~.....(.~~....#
#.###~~.(....)~~###.#
#....~(.......~~....#
#.###~(....(..(~###.#
#....~~.....(.~~....#


You could see 2 orc warriors.

Vanquished Creatures
  A steam dragon (D:6)
  A water moccasin (D:5)
  An ice beast (D:5)
  An orc warrior (Bailey)
  A sky beast (D:6)
  8 kobold brigands
  A necrophage (D:6)
  2 scorpions (D:5)
  5 orc priests
  5 hounds
  2 jellies
  Crazy Yiuf (D:3)
  4 iguanas
  Terence (D:3)
  4 orc wizards
  6 gnolls
  10 adders
  A white imp (D:5)
  2 worms
  5 dart slugs
  24 orcs
  5 endoplasms
  5 giant cockroaches
  6 hobgoblins
  2 jackals (D:1)
  26 kobolds
  2 quokkas (D:1)
  11 ball pythons
  7 bats
  5 frilled lizards
  12 goblins
  7 rats
174 creatures vanquished.

Vanquished Creatures (others)
  11 fungi
  22 plants
33 creatures vanquished.

Grand Total: 207 creatures vanquished

Notes
Turn   | Place    | Note
-------+----------+-------------------------------------------
     0 | D:1      | Heoruswealwe the Deep Elf Earth Elementalist began the
                  | quest for the Orb.
     0 | D:1      | Reached XP level 1. HP: 10/10 MP: 6/6
   139 | D:1      | Reached XP level 2. HP: 15/15 MP: 2/8
   150 | D:1      | Learned a level 2 spell: Passwall
   699 | D:2      | Reached skill level 4 in Spellcasting
   717 | D:2      | Reached XP level 3. HP: 19/19 MP: 4/10
   891 | D:2      | Found a faded altar of an unknown god.
   895 | D:2      | Prayed at the altar of an unknown god.
   895 | D:2      | Became a worshipper of Uskayaw the Reveller
   895 | D:2      | Reached * piety under Uskayaw
   896 | D:2      | Fell from the grace of Uskayaw
  1031 | D:2      | Reached XP level 4. HP: 24/24 MP: 8/12
  1107 | D:2      | Reached skill level 5 in Spellcasting
  1549 | D:1      | Learned a level 3 spell: Stone Arrow
  1554 | D:1      | Learned a level 4 spell: Petrify
  1718 | D:3      | Found a runed translucent door.
  1718 | D:3      | Noticed Terence
  1722 | D:3      | Killed Terence
  1723 | D:3      | Reached XP level 5. HP: 22/28 MP: 9/14
  1723 | D:3      | Noticed Crazy Yiuf
  1729 | D:3      | Killed Crazy Yiuf
  2133 | D:3      | Reached skill level 6 in Spellcasting
  2742 | D:4      | Reached XP level 6. HP: 32/32 MP: 14/17
  2979 | D:4      | Reached skill level 7 in Spellcasting
  3026 | D:4      | Reached skill level 5 in Earth Magic
  3318 | D:5      | Entered Level 5 of the Dungeon
  3329 | D:5      | Noticed an ice beast
  3337 | D:5      | Killed an ice beast
  3338 | D:5      | Reached XP level 7. HP: 25/36 MP: 15/20
  3398 | D:5      | Identified the ring of Ceac {Fly rElec rC+}
  3415 | D:5      | Learned a level 4 spell: Leda's Liquefaction
  3427 | D:5      | Found a staircase to the Ecumenical Temple.
  3571 | D:5      | Reached skill level 8 in Spellcasting
  4004 | D:6      | Found a glowing drain.
  4031 | D:6      | Reached skill level 9 in Spellcasting
  4038 | Sewer    | Entered a sewer
  4177 | Sewer    | Reached skill level 5 in Transmutations
  4177 | Sewer    | Reached XP level 8. HP: 41/41 MP: 19/23
  4613 | D:6      | Reached skill level 10 in Spellcasting
  4721 | Temple   | Entered the Ecumenical Temple
  4819 | Temple   | Became a worshipper of Vehumet
  5508 | D:3      | You are sucked into a shaft and drop 2 floors!
  5749 | D:7      | Found a flagged portal.
  5770 | Bailey   | Entered a bailey
  5800 | Bailey   | Reached skill level 11 in Spellcasting
  5959 | Bailey   | Reached XP level 9. HP: 45/45 MP: 22/26
  5977 | Bailey   | Mangled by an orc warrior

Illustrated notes

Levels and vault maps discovered:
D:1:      mainiacjoe_arrival_reflecting_pool, layout_basic
D:2:      layout_basic, shapermc_ecumenical_altar_acropolis, serial_glass,
          glass_columns_a, glass_columns_a, glass_columns_a, glass_columns_b,
          glass_columns_a
D:3:      layout_basic, uniq_crazy_yiuf_cottage, uniq_terence
D:4:      layout_loops_corners
D:5:      layout_loops_ring, minmay_temple_entry_from_below_a, st_stairs_7
D:6:      layout_loops_ring, gup_sewer_entry_glass
D:7:      lemuel_ratsnest, layout_layer_cave, enter_bailey_5, st_stairs_3,
          wad_mini_maze
Temple:   compressed_dpeg_triangle_lava_temple
Bailey:   bailey_axe_3, bailey

Skill      XL: |  1  2  3  4  5  6  7  8 |
---------------+-------------------------+-----
Spellcasting   | 4 5 6 7 9 11 | 11.5
Transmutations | 2 3 4 5 6 |  6.6
Earth Magic    | 4 5 6 7 |  7.3
Dodging        | |  2.4
Stealth        | |  2.4

Action                   |  1- 3 |  4- 6 |  7- 9 || total
-------------------------+-------+-------+-------++-------
Melee: Unarmed           |    22 |     1 |       ||    23
       War axe           |       |       |    66 ||    66
 Cast: Sandblast         |    50 |    94 |   139 ||   283
       Passwall          |     1 |     2 |       ||     3
Invok: Renounce Religion |     1 |       |       ||     1
  Use: Scroll            |       |     7 |     3 ||    10
       Potion            |       |       |     3 ||     3
Armor: Robe              |     2 |     8 |    15 ||    25
       Steam dragon scal |       |       |     6 ||     6
Dodge: Dodged            |     7 |    15 |    47 ||    69
